TOP OF THE 1ST |
Inland Empire 66ers batting - Pitching for Brevard County Manatees : RHP Dillon Atkinson
|
Pitching: RHP Dillon Atkinson
|
|
Batting: RHB Jose Ramirez
|
0-0: Ball 1-0: Foul Ball, location: 2F 1-1: Called Strike 1-2: Foul Ball, location: 2F 1-2: Strikes out swinging
|
Batting: RHB Khalil Thurston
|
0-0: Fly out, F6 (Line Drive, 6, EV 66.9 MPH)
|
Batting: LHB Justin Balthazor
|
0-0: Called Strike 0-1: Foul Ball, location: 2F 0-2: DOUBLE (Line Drive, 89D, EV 91.2 MPH)
|
Batting: RHB Ryuji Ito
|
0-0: Fly out, F7 (Flyball, 7, EV 88.8 MPH)
|
Top of the 1st over - 0 runs, 1 hit, 0 errors, 1 left on base; Inland Empire 0 - Brevard County 0 |
BOTTOM OF THE 1ST |
Brevard County Manatees batting - Pitching for Inland Empire 66ers : RHP Luis Cabrera
|
Pitching: RHP Luis Cabrera
|
|
Batting: LHB Rick Campbell
|
0-0: SINGLE (Groundball, 56D, EV 104.4 MPH) (infield hit)
|
Batting: RHB Chris Maul
|
0-0: Foul Ball, location: 2F 0-1: Foul Ball, location: 2F 0-2: Ball 1-2: Foul Ball, location: 2F 1-2: Strikes out swinging
|
Batting: RHB Hector Silva
|
0-0: Ball 1-0: Called Strike 1-1: Called Strike Rick Campbell is caught stealing 2nd base 2-4 1-2: Ground out 5-3 (Groundball, 5, EV 101.2 MPH)
|
Bottom of the 1st over - 0 runs, 1 hit, 0 errors, 0 left on base; Inland Empire 0 - Brevard County 0 |
TOP OF THE 2ND |
Inland Empire 66ers batting - Pitching for Brevard County Manatees : RHP Dillon Atkinson
|
Batting: LHB Mark Reeg
|
0-0: Called Strike 0-1: Ball 1-1: Swinging Strike 1-2: Foul Ball, location: 2F 1-2: Ball 2-2: Ball 3-2: Base on Balls
|
Batting: RHB Gary Horgan
|
0-0: Called Strike 0-1: Foul Ball, location: 2F 0-2: 2-RUN HOME RUN (Flyball, 7LD, EV 98.8 MPH), Distance : 361 ft
|
Batting: RHB Kinya Nishimura
|
0-0: Ball 1-0: SINGLE (Line Drive, 4MD, EV 104.4 MPH)
|
Batting: LHB Spencer Palmer
|
0-0: Ball 1-0: Ball 2-0: Ball 3-0: Called Strike 3-1: Called Strike 3-2: SINGLE (Groundball, 15S, EV 66.9 MPH) (infield hit) Kinya Nishimura to second
|
Batting: RHB Bryan Payne
|
0-0: Called Strike 0-1: Foul Ball, location: 2F 0-2: Strikes out swinging
|
Batting: RHB Jose Ramirez
|
0-0: Ball 1-0: Ball 2-0: Called Strike 2-1: Called Strike 2-2: Strikes out swinging
|
Batting: RHB Khalil Thurston
|
0-0: Ball 1-0: Ground out 4-3 (Groundball, 4, EV 97.5 MPH)
|
Top of the 2nd over - 2 runs, 3 hits, 0 errors, 2 left on base; Inland Empire 2 - Brevard County 0 |
BOTTOM OF THE 2ND |
Brevard County Manatees batting - Pitching for Inland Empire 66ers : RHP Luis Cabrera
|
Batting: RHB Jose Cerritos
|
0-0: Ball 1-0: Called Strike 1-1: Swinging Strike 1-2: Strikes out looking
|
Batting: RHB Herb McIntyre
|
0-0: Ball 1-0: Called Strike 1-1: Foul Ball, location: 2F 1-2: Ball 2-2: Hit by Pitch
|
Batting: RHB Chris Riddel
|
0-0: Swinging Strike 0-1: Ball 1-1: Foul Ball, location: 2F 1-2: Foul Ball, location: 2F 1-2: Strikes out swinging
|
Batting: RHB Victor Alarcon
|
0-0: Ball 1-0: Swinging Strike 1-1: Foul Ball, location: 2F 1-2: Strikes out swinging
|
Bottom of the 2nd over - 0 runs, 0 hits, 0 errors, 1 left on base; Inland Empire 2 - Brevard County 0 |
TOP OF THE 3RD |
Inland Empire 66ers batting - Pitching for Brevard County Manatees : RHP Dillon Atkinson
|
Batting: LHB Justin Balthazor
|
0-0: Ball 1-0: Fly out, F8 (Flyball, 8RD, EV 106.2 MPH)
|
Batting: RHB Ryuji Ito
|
0-0: Ball 1-0: Ball 2-0: Called Strike 2-1: Ball 3-1: Swinging Strike 3-2: Base on Balls
|
Batting: LHB Mark Reeg
|
0-0: Ball Passed Ball! Ryuji Ito to second 1-0: Ball 2-0: Ball 3-0: Base on Balls
|
Batting: RHB Gary Horgan
|
0-0: Called Strike 0-1: Grounds into double play, 4-6-3 (Groundball, 4, EV 85.6 MPH)
|
Top of the 3rd over - 0 runs, 0 hits, 0 errors, 1 left on base; Inland Empire 2 - Brevard County 0 |
BOTTOM OF THE 3RD |
Brevard County Manatees batting - Pitching for Inland Empire 66ers : RHP Luis Cabrera
|
Batting: RHB Chris Fruit
|
0-0: Foul Ball, location: 2F 0-1: Ball 1-1: Called Strike 1-2: Ball 2-2: Ground out 6-3 (Groundball, 6, EV 85.0 MPH)
|
Batting: RHB Xiao-shuang Au
|
0-0: Ball 1-0: Ball 2-0: Called Strike 2-1: Hit by Pitch
|
Batting: LHB Rick Campbell
|
0-0: Ball 1-0: Called Strike 1-1: Swinging Strike 1-2: Strikes out swinging
|
Batting: RHB Chris Maul
|
0-0: Called Strike 0-1: Ball 1-1: Swinging Strike 1-2: Foul Ball, location: 2F 1-2: SINGLE (Groundball, 4D, EV 97.5 MPH) Xiao-shuang Au to second Runner from 2nd tries for 3rd, SAFE, throw by CF made to third Chris Maul to second
|
Batting: RHB Hector Silva
|
0-0: Ball 1-0: Ball 2-0: Ball 3-0: Foul Ball, location: 2F 3-1: Foul Ball, location: 2F 3-2: Strikes out swinging
|
Bottom of the 3rd over - 0 runs, 1 hit, 0 errors, 2 left on base; Inland Empire 2 - Brevard County 0 |
TOP OF THE 4TH |
Inland Empire 66ers batting - Pitching for Brevard County Manatees : RHP Dillon Atkinson
|
Batting: RHB Kinya Nishimura
|
0-0: Called Strike 0-1: Ground out 4-3 (Groundball, 4S, EV 84.4 MPH)
|
Batting: LHB Spencer Palmer
|
0-0: Foul Ball, location: 2F 0-1: Ball 1-1: Called Strike 1-2: Foul Ball, location: 2F 1-2: Strikes out looking
|
Batting: RHB Bryan Payne
|
0-0: Ball 1-0: Foul Ball, location: 2F 1-1: Swinging Strike 1-2: Strikes out swinging
|
Top of the 4th over - 0 runs, 0 hits, 0 errors, 0 left on base; Inland Empire 2 - Brevard County 0 |
BOTTOM OF THE 4TH |
Brevard County Manatees batting - Pitching for Inland Empire 66ers : RHP Luis Cabrera
|
Batting: RHB Jose Cerritos
|
0-0: Ball 1-0: Called Strike 1-1: Called Strike 1-2: Strikes out swinging
|
Batting: RHB Herb McIntyre
|
0-0: Ball 1-0: Foul Ball, location: 2F 1-1: Ball 2-1: Ball 3-1: Base on Balls
|
Batting: RHB Chris Riddel
|
0-0: Ball 1-0: Foul Ball, location: 2F 1-1: Ball 2-1: Foul Ball, location: 2F 2-2: Ball 3-2: Foul Ball, location: 2F 3-2: Base on Balls Herb McIntyre to second
|
Batting: RHB Victor Alarcon
|
0-0: Ball 1-0: SINGLE (Line Drive, 7S, EV 92.5 MPH) Herb McIntyre to third Chris Riddel to second Runner from 3rd tries for Home, SAFE, throw by LF to home
|
Batting: RHB Chris Fruit
|
0-0: Ball 1-0: Ball 2-0: Ball 3-0: Called Strike 3-1: Swinging Strike 3-2: Fly out, F9 (Flyball, 9LM, EV 101.9 MPH) Runner from 2nd tags up, SAFE at 3rd with throw by RF
|
Batting: RHB Xiao-shuang Au
|
0-0: Ball Wild Pitch! Chris Riddel scores Victor Alarcon to second 1-0: Ball 2-0: Foul Ball, location: 2F 2-1: Called Strike 2-2: Strikes out looking
|
Bottom of the 4th over - 2 runs, 1 hit, 0 errors, 1 left on base; Inland Empire 2 - Brevard County 2 |
TOP OF THE 5TH |
Inland Empire 66ers batting - Pitching for Brevard County Manatees : RHP Dillon Atkinson
|
Batting: RHB Jose Ramirez
|
0-0: Swinging Strike 0-1: Foul Ball, location: 2F 0-2: Ball 1-2: Ground out 5-3 (Groundball, 56S, EV 79.4 MPH)
|
Batting: RHB Khalil Thurston
|
0-0: Ball 1-0: Foul Ball, location: 2F 1-1: Ball 2-1: SINGLE (Groundball, 56D, EV 103.1 MPH)
|
Batting: LHB Justin Balthazor
|
0-0: Called Strike 0-1: Ball 1-1: Ball 2-1: Fly out, F6 (Popup, 6, EV 60.0 MPH)
|
Pitching: LHP Juan Gonzalez
|
|
Batting: RHB Ryuji Ito
|
0-0: Ball 1-0: Fly out, F8 (Flyball, 8LS, EV 81.9 MPH)
|
Top of the 5th over - 0 runs, 1 hit, 0 errors, 1 left on base; Inland Empire 2 - Brevard County 2 |
BOTTOM OF THE 5TH |
Brevard County Manatees batting - Pitching for Inland Empire 66ers : RHP Luis Cabrera
|
Batting: LHB Rick Campbell
|
0-0: Called Strike 0-1: Ball 1-1: Swinging Strike 1-2: Strikes out looking
|
Pitching: RHP Troy Ingram
|
|
Batting: RHB Chris Maul
|
0-0: Swinging Strike 0-1: Foul Ball, location: 2F 0-2: Ball 1-2: Strikes out looking
|
Batting: RHB Hector Silva
|
0-0: DOUBLE (Flyball, 8LXD, EV 87.5 MPH)
|
Batting: RHB Jose Cerritos
|
0-0: Called Strike 0-1: Foul Ball, location: 2F 0-2: Ball 1-2: Strikes out swinging
|
Bottom of the 5th over - 0 runs, 1 hit, 0 errors, 1 left on base; Inland Empire 2 - Brevard County 2 |
TOP OF THE 6TH |
Inland Empire 66ers batting - Pitching for Brevard County Manatees : LHP Juan Gonzalez
|
Batting: LHB Mark Reeg
|
0-0: Foul Ball, location: 2F 0-1: Fly out, F8 (Flyball, 89M, EV 86.2 MPH)
|
Batting: RHB Gary Horgan
|
0-0: Ball 1-0: Foul Ball, location: 2F 1-1: Ball 2-1: Foul Ball, location: 2F 2-2: TRIPLE (Flyball, 78XD, EV 94.4 MPH)
|
Batting: RHB Kinya Nishimura
|
0-0: Intentional Walk
|
Batting: LHB Spencer Palmer
|
0-0: Ball 1-0: Fly out, F5 (Popup, 6MS, EV 75.6 MPH)
|
Batting: RHB Bryan Payne
|
0-0: Ball 1-0: Called Strike 1-1: Foul Ball, location: 2F 1-2: Foul Ball, location: 2F 1-2: Strikes out swinging
|
Top of the 6th over - 0 runs, 1 hit, 0 errors, 2 left on base; Inland Empire 2 - Brevard County 2 |
BOTTOM OF THE 6TH |
Brevard County Manatees batting - Pitching for Inland Empire 66ers : RHP Troy Ingram
|
Batting: RHB Herb McIntyre
|
0-0: Called Strike 0-1: Foul Ball, location: 2F 0-2: DOUBLE (Flyball, 8LXD, EV 96.2 MPH)
|
Batting: RHB Chris Riddel
|
0-0: Called Strike 0-1: Ball 1-1: Foul Ball, location: 2F 1-2: Strikes out swinging
|
Batting: RHB Victor Alarcon
|
0-0: Ball 1-0: Called Strike 1-1: Ball 2-1: Ball 3-1: Called Strike 3-2: Foul Ball, location: 2F 3-2: Foul Ball, location: 2F 3-2: Strikes out swinging
|
Pinch Hitting: LHB Jason Raker
|
0-0: Foul Ball, location: 2F 0-1: Swinging Strike 0-2: Strikes out swinging
|
Bottom of the 6th over - 0 runs, 1 hit, 0 errors, 1 left on base; Inland Empire 2 - Brevard County 2 |
TOP OF THE 7TH |
Inland Empire 66ers batting - Pitching for Brevard County Manatees : LHP Juan Gonzalez
|
Now at 1B: Umar Matoub
|
|
Batting: RHB Jose Ramirez
|
0-0: Ball 1-0: Foul Ball, location: 2F 1-1: Called Strike 1-2: Strikes out looking
|
Batting: RHB Khalil Thurston
|
0-0: Called Strike 0-1: Called Strike 0-2: Ball 1-2: Ball 2-2: Ground out 4-3 (Groundball, 4M, EV 104.4 MPH)
|
Batting: LHB Justin Balthazor
|
0-0: Called Strike 0-1: Ball 1-1: Ball 2-1: Ball 3-1: Base on Balls
|
Batting: RHB Ryuji Ito
|
0-0: Ball 1-0: Swinging Strike 1-1: Ball 2-1: TRIPLE (Line Drive, 8LXD, EV 101.9 MPH) Justin Balthazor scores
|
Batting: LHB Mark Reeg
|
0-0: Ground out 4-3 (Groundball, 34D, EV 103.8 MPH)
|
Top of the 7th over - 1 run, 1 hit, 0 errors, 1 left on base; Inland Empire 3 - Brevard County 2 |
BOTTOM OF THE 7TH |
Brevard County Manatees batting - Pitching for Inland Empire 66ers : RHP Troy Ingram
|
Pitching: RHP Josh Brewer
|
|
Pinch Hitting: SHB Orlando Torres
|
0-0: Called Strike 0-1: Called Strike 0-2: Ball 1-2: Fly out, F7 (Flyball, 78S, EV 85.0 MPH)
|
Batting: LHB Rick Campbell
|
0-0: Ball 1-0: Ball 2-0: Fly out, F8 (Flyball, 8LS, EV 88.8 MPH)
|
Batting: RHB Chris Maul
|
0-0: Called Strike 0-1: Called Strike 0-2: Ball 1-2: Ball 2-2: Foul Ball, location: 2F 2-2: Ball 3-2: Foul Ball, location: 2F 3-2: Strikes out swinging
|
Bottom of the 7th over - 0 runs, 0 hits, 0 errors, 0 left on base; Inland Empire 3 - Brevard County 2 |
TOP OF THE 8TH |
Inland Empire 66ers batting - Pitching for Brevard County Manatees : LHP Juan Gonzalez
|
Now in RF: Cameron Rattenbury
|
|
Batting: RHB Gary Horgan
|
0-0: Ball 1-0: Foul Ball, location: 2F 1-1: Ball 2-1: Ball 3-1: Base on Balls
|
Batting: RHB Kinya Nishimura
|
0-0: Ball 1-0: Ball 2-0: Called Strike 2-1: Called Strike 2-2: Strikes out looking
|
Pinch Hitting: RHB T.J. Gray
|
0-0: Ball Passed Ball! Gary Horgan to second 1-0: Ball 2-0: Called Strike 2-1: Ball 3-1: Foul Ball, location: 2F 3-2: Foul Ball, location: 2F 3-2: Ground out 4-3 (Groundball, 34, EV 101.9 MPH) Gary Horgan to third
|
Batting: RHB Bryan Payne
|
0-0: Ball 1-0: Ball 2-0: Fly out, F9 (Flyball, 9D, EV 85.6 MPH)
|
Top of the 8th over - 0 runs, 0 hits, 0 errors, 1 left on base; Inland Empire 3 - Brevard County 2 |
BOTTOM OF THE 8TH |
Brevard County Manatees batting - Pitching for Inland Empire 66ers : RHP Josh Brewer
|
Now at 1B: Gary Horgan
|
|
Now at SS: Peter Westover
|
|
Now in CF: Jonathon Walton
|
|
Pinch Hitting: LHB Tyler Francis
|
0-0: Foul Ball, location: 2F 0-1: Swinging Strike 0-2: Ball 1-2: DOUBLE (Flyball, 8RXD, EV 90.6 MPH)
|
Batting: SHB Justin Hensley
|
0-0: Ball 1-0: Swinging Strike 1-1: Ground out U3 (Groundball, 34, EV 84.4 MPH) Tyler Francis to third
|
Batting: RHB Herb McIntyre
|
0-0: Called Strike 0-1: Ball 1-1: Foul Ball, location: 2F 1-2: Foul Ball, location: 2F 1-2: Strikes out swinging
|
Batting: RHB Chris Riddel
|
0-0: Ball 1-0: Swinging Strike 1-1: Ball 2-1: Foul Ball, location: 2F 2-2: Strikes out swinging, 2-3 out at first.
|
Bottom of the 8th over - 0 runs, 1 hit, 0 errors, 1 left on base; Inland Empire 3 - Brevard County 2 |
TOP OF THE 9TH |
Inland Empire 66ers batting - Pitching for Brevard County Manatees : LHP Juan Gonzalez
|
Now in CF: Cameron Rattenbury
|
|
Now in RF: Tyler Francis
|
|
Batting: RHB Jose Ramirez
|
0-0: Ball 1-0: Ball 2-0: Ball 3-0: Base on Balls
|
Pitching: LHP Bill Dunham
|
|
Batting: RHB Khalil Thurston
|
0-0: Ball Jose Ramirez is caught stealing 2nd base 2-4 1-0: Called Strike 1-1: Ball 2-1: SINGLE (Groundball, 34S, EV 71.9 MPH) (infield hit)
|
Batting: LHB Jonathon Walton
|
0-0: Called Strike 0-1: Foul Ball, location: 2F 0-2: Foul Ball, location: 2F 0-2: Reached on error, E6 (Groundball, 6, EV 81.9 MPH) Khalil Thurston to second
|
Batting: RHB Ryuji Ito
|
0-0: Ball 1-0: Foul Ball, location: 2F 1-1: Ball 2-1: Fly out, F8 (Line Drive, 8RD, EV 93.1 MPH)
|
Batting: LHB Mark Reeg
|
0-0: Ball 1-0: Fly out, F4 (Line Drive, 4, EV 78.1 MPH)
|
Top of the 9th over - 0 runs, 1 hit, 1 error, 2 left on base; Inland Empire 3 - Brevard County 2 |
BOTTOM OF THE 9TH |
Brevard County Manatees batting - Pitching for Inland Empire 66ers : RHP Josh Brewer
|
Pitching: RHP Josh Reynolds
|
|
Pinch Hitting: SHB Sam Bingham
|
0-0: Fly out, F8 (Flyball, 8RS, EV 88.1 MPH)
|
Batting: LHB Umar Matoub
|
0-0: Ball 1-0: Swinging Strike 1-1: Ball 2-1: SOLO HOME RUN (Flyball, 9LD, EV 94.4 MPH), Distance : 353 ft
|
Batting: RHB Cameron Rattenbury
|
0-0: Ball 1-0: Called Strike 1-1: Ball 2-1: Ball 3-1: Foul Ball, location: 2F 3-2: Foul Ball, location: 2F 3-2: Strikes out swinging
|
Batting: LHB Rick Campbell
|
0-0: Ball 1-0: Foul Ball, location: 2F 1-1: Foul Ball, location: 2F 1-2: Ball 2-2: Strikes out looking
|
Bottom of the 9th over - 1 run, 1 hit, 0 errors, 0 left on base; Inland Empire 3 - Brevard County 3 |
TOP OF THE 10TH |
Inland Empire 66ers batting - Pitching for Brevard County Manatees : LHP Bill Dunham
|
Now in LF: Manny Olave
|
|
Batting: RHB Gary Horgan
|
0-0: Called Strike 0-1: SINGLE (Line Drive, 4M, EV 96.2 MPH)
|
Batting: RHB Kinya Nishimura
|
0-0: Ball Gary Horgan is caught stealing 2nd base 2-4 1-0: Foul Ball, location: 2F 1-1: Swinging Strike 1-2: Strikes out looking
|
Batting: RHB Peter Westover
|
0-0: Called Strike 0-1: Ball 1-1: Ball 2-1: Ground out 5-3 (Groundball, 5L, EV 81.9 MPH)
|
Top of the 10th over - 0 runs, 1 hit, 0 errors, 0 left on base; Inland Empire 3 - Brevard County 3 |
BOTTOM OF THE 10TH |
Brevard County Manatees batting - Pitching for Inland Empire 66ers : RHP Josh Reynolds
|
Batting: RHB Chris Maul
|
0-0: Ball 1-0: Ball 2-0: Ball 3-0: Base on Balls
|
Batting: LHB Tyler Francis
|
0-0: Fielders Choice at 2nd, 4-6 (Groundball, 4, EV 86.9 MPH)
|
Batting: SHB Justin Hensley
|
0-0: Called Strike 0-1: Called Strike 0-2: Ball 1-2: Ball 2-2: Ball 3-2: Base on Balls Tyler Francis to second
|
Pitching: RHP Chris Adams
|
|
Batting: RHB Herb McIntyre
|
0-0: Ball 1-0: Swinging Strike 1-1: Ball 2-1: Ball 3-1: Base on Balls Tyler Francis to third Justin Hensley to second
|
Batting: RHB Chris Riddel
|
0-0: Ball 1-0: Ball 2-0: Ball 3-0: Called Strike 3-1: Grounds into fielders choice 6-2 (Groundball, 6, EV 92.5 MPH) Justin Hensley to third Herb McIntyre to second
|
Pinch Hitting: SHB Craig Wright
|
0-0: Foul Ball, location: 2F 0-1: Foul Ball, location: 2F 0-2: Ball 1-2: Ball 2-2: Ground out 4-3 (Groundball, 4S, EV 83.1 MPH)
|
Bottom of the 10th over - 0 runs, 0 hits, 0 errors, 3 left on base; Inland Empire 3 - Brevard County 3 |
TOP OF THE 11TH |
Inland Empire 66ers batting - Pitching for Brevard County Manatees : LHP Bill Dunham
|
Now in LF: Tyler Francis
|
|
Now in RF: Craig Wright
|
|
Batting: RHB Bryan Payne
|
0-0: Foul Ball, location: 2F 0-1: Called Strike 0-2: Strikes out swinging
|
Batting: RHB Jose Ramirez
|
0-0: Called Strike 0-1: Foul Ball, location: 2F 0-2: Strikes out looking
|
Batting: RHB Khalil Thurston
|
0-0: Swinging Strike 0-1: Ball 1-1: Called Strike 1-2: Foul Ball, location: 2F 1-2: Strikes out looking
|
Top of the 11th over - 0 runs, 0 hits, 0 errors, 0 left on base; Inland Empire 3 - Brevard County 3 |
BOTTOM OF THE 11TH |
Brevard County Manatees batting - Pitching for Inland Empire 66ers : RHP Chris Adams
|
Batting: LHB Umar Matoub
|
0-0: Ball 1-0: Swinging Strike 1-1: Ball 2-1: Swinging Strike 2-2: Strikes out swinging
|
Batting: RHB Cameron Rattenbury
|
0-0: Ball 1-0: Ball 2-0: Foul Ball, location: 2F 2-1: Called Strike 2-2: SOLO HOME RUN (Flyball, 7LD, EV 93.8 MPH), Distance : 356 ft
|
Bottom of the 11th over - 1 run, 1 hit, 0 errors, 0 left on base; Inland Empire 3 - Brevard County 4 |
|